 Dungeon Crawl Stone Soup version 0.24.0-37-gcf1ca852f1 (webtiles) character file.

Game seed: 14369770130291203519, levelgen mode: deterministic

30 Descartes the Grasshopper (level 3, 0/16 HPs)
             Began as a Felid Warper on Dec 1, 2019.
             Slain by a worm (7 damage)
             ... on level 2 of the Dungeon.
             The game lasted 00:01:34 (1045 turns).

Descartes the Grasshopper (Felid Warper)            Turns: 1045, Time: 00:01:34

Health: 0/16       AC:  1    Str:  8    XL:     3   Next: 5%
Magic:  7/7        EV: 19    Int: 14    God:
Gold:   83         SH:  0    Dex: 15    Spells: 6/6 levels left
                                        Lives:  0   Deaths: 0

rFire    . . .     SeeInvis +     - Unarmed
rCold    . . .     Gourm    .   (shield unavailable)
rNeg     . . .     Faith    .   (armour unavailable)
rPois    .         Spirit   .   (helmet unavailable)
rElec    .         Reflect  .   (cloak unavailable)
rCorr    .         Harm     .   (gloves unavailable)
MR       .....                  (boots unavailable)
Stlth    ++........             (no amulet)
HPRegen  0.05/turn              (no ring)
MPRegen  0.10/turn              (no ring)

@: quick
A: very small, no armour, no weapons or thrown items, stealth, claws 1, fangs 3,
see invisible, carnivore, speed 1, shaggy fur 1, slow metabolism 1, sharp paws
a: no special abilities


You were on level 2 of the Dungeon.
You were completely stuffed.

You visited 1 branch of the dungeon, and saw 2 of its levels.

You collected 83 gold pieces.

Inventory:

Missiles
 d - 18 arrows
 e - 10 stones
Jewellery
 i - an uncursed ring of see invisible {unknown}
Scrolls
 a - 4 scrolls of identify {unknown}
 b - a scroll of blinking
 f - 2 scrolls of remove curse {unknown}
 h - a scroll of magic mapping {unknown}
Potions
 g - a potion of brilliance {unknown}
 j - a potion of lignification {unknown}
Comestibles
 c - a ration


   Skills:
 + Level 2.2 Fighting
 + Level 3.6 Dodging
 * Level 2.0 Stealth
 * Level 2.4 Unarmed Combat
 + Level 2.2 Spellcasting
   Level 4.4 Translocations


You had 6 spell levels left.
You didn't know any spells.
Your spell library contained the following spells:

 Spells                   Type           Power        Failure   Level  Hunger
 Blink                    Tloc           N/A          6%          2    ###....
 Gell's Gravitas          Tloc           ##........   12%         3    ###....
 Lesser Beckoning         Tloc           ##........   12%         3    ###....
 Teleport Other           Tloc           ##......     12%         3    ###....
 Shroud of Golubria       Chrm/Tloc      #.....       14%         2    ###....
 Passage of Golubria      Tloc           N/A          36%         4    #####..


Dungeon Overview and Level Annotations

Branches:
Dungeon (2/15)

Altars:


Innate Abilities, Weirdness & Mutations

You cannot wear armour.
You are incapable of wielding weapons or throwing items.
Your paws allow you to move quietly. (Stealth)
You have sharp claws.
You have razor-sharp teeth.
You have supernaturally acute eyesight. (SInv)
You are carnivorous and can eat meat at any time.
You cover ground quickly.
You are covered in fur. (AC +1)
You have a slow metabolism.
Your sharp claws are effective at attacking unaware monsters.


Message History

You are too injured to fight recklessly!
You scratch the worm.
The worm is lightly wounded.
You barely miss the worm.
The worm is lightly wounded.
The worm closely misses you.
You scratch the worm but do no damage.
The worm is lightly wounded.
The worm bites you but does no damage.
You scratch the worm but do no damage. You bite the worm.
The worm is lightly wounded.
You scratch the worm. You bite the worm.
The worm is moderately wounded.
The worm closely misses you.
You scratch the worm. You bite the worm.
The worm is heavily wounded.
You scratch the worm.
The worm is heavily wounded.
The worm bites you!
You die...

... #.# #.# #.#
#.# .. #.#
#.#####.#####
#..#...@w...#
#.........?###
###...........
##$..(....###
..##.........##
.............##
..##...........
#. #<.......##.
#........#


You could see a worm.

Vanquished Creatures
  2 oozes (D:1)
  3 dart slugs (D:1)
  4 goblins (D:1)
  A hobgoblin (D:1)
  A bat (D:1)
  3 frilled lizards (D:1)
  3 kobolds (D:1)
  2 rats
19 creatures vanquished.

Notes
Turn   | Place    | Note
-------+----------+-------------------------------------------
     0 | D:1      | Descartes the Felid Warper began the quest for the Orb.
     0 | D:1      | Reached XP level 1. HP: 9/9 MP: 4/4
    54 | D:1      | Reached skill level 1 in Stealth
    59 | D:1      | Reached XP level 2. HP: 7/13 MP: 6/6
   737 | D:1      | Reached XP level 3. HP: 16/16 MP: 7/7
  1045 | D:2      | Slain by a worm

Levels and vault maps discovered:
D:1:      mrwooster_arrival_arrow, layout_rooms
D:2:      layout_rooms, lemuel_doored_altar, tgw_kikubaaqudgha

Skill      XL: |  1  2 |
---------------+-------+-----
Stealth        | 1 2 |  2.0
Fighting       | |  2.2
Dodging        | |  3.6
Unarmed Combat | |  2.4
Spellcasting   | |  2.2
Translocations | |  4.4

Action                   || total
-------------------------++-------
Melee: Unarmed           ||    80
       Bite              ||     6
       Punch             ||     2
 Stab: Sleeping          ||     1
  Eat: Chunk             ||     8
Armor: Skin              ||     2
Dodge: Dodged            ||    57
